 Dungeon Crawl Stone Soup version 0.32-a0-576-g706899e69d (webtiles) character file.

Game seed: 2068777440965459981

765 Sobieck the Skirmisher (level 7, 0/50 HPs)
             Began as a Coglin Hunter on Mar 1, 2024.
             Was a Follower of Dithmenos.
             Slain by a two-headed ogre
             ... wielding a +0 giant club
              (3 damage)
             ... on level 5 of the Dungeon.
             The game lasted 00:06:01 (4002 turns).

Sobieck the Skirmisher (Coglin Hunter)              Turns: 4002, Time: 00:06:01

Health: 0/50       AC: 11    Str: 11    XL:     7   Next: 81%
Magic:  7/7        EV: 12    Int:  8    God:    Dithmenos [*.....]
Gold:   187        SH:  0    Dex: 20    Spells: 6/6 levels left

rFire   . . .        a - +2 sling {Kenrick}
rCold   . . .        d - +1 sling {Kyoko}
rNeg    . . .        c - +0 leather armour
rPois   .            w - +1 helmet
rElec   .            p - +0 cloak
rCorr   .            m - +2 pair of gloves {infuse}
SInv    .            y - +1 pair of boots
Will    .....        (amulet unavailable)
Stlth   ++           (ring unavailable)
HPRegen 0.28/turn    (ring unavailable)
MPRegen 0.10/turn    (no gizmo)

%: infuse magic (1 MP)
@: wreathed by umbra, revved
A: off-hand wielding, slow wielding, warmup strikes, no jewellery
a: Invent Gizmo, Renounce Religion


You were on level 5 of the Dungeon.
You worshipped Dithmenos.
Dithmenos was aware of your devotion.
You visited 2 branches of the dungeon, and saw 6 of its levels.

You collected 187 gold pieces.

Inventory:

Hand Weapons
 a - a +2 sling (weapon) {Kenrick}
 d - a +1 sling (offhand) {Kyoko}
 v - the +6 dagger of Conscience {flame, rC+ rN+++ Will- Stlth+}
   (You found it on level 3 of the Dungeon)

   rC+:       It protects you from cold.
   rN+++:     It renders you almost immune to negative energy.
   Will-:     It decreases your willpower.
   Stlth+:    It makes you more stealthy.
Missiles
 j - 24 stones
 k - 10 poisoned darts
 t - a boomerang
 Z - a throwing net
Armour
 c - a +0 leather armour (worn)
 m - a +2 pair of gloves of infusion (worn)
 p - a +0 cloak (worn)
 w - a +1 helmet (worn)
 y - a +1 pair of boots (worn)
Magical Staves
 x - a staff of earth
Wands
 i - a wand of light (12)
 B - a wand of roots (4)
 V - a wand of flame (16)
Scrolls
 b - a scroll of butterflies
 e - 4 scrolls of identify {unknown}
 n - a scroll of amnesia {unknown}
 r - a scroll of poison {unknown}
 T - 3 scrolls of teleportation
Potions
 f - 4 potions of enlightenment {unknown}
 g - 3 potions of lignification {unknown}
 h - 2 potions of curing {unknown}
 l - a potion of magic {unknown}
 o - a potion of invisibility {unknown}
 q - 10 potions of degeneration
 s - a potion of berserk rage {unknown}
 u - a potion of attraction {unknown}
 z - a potion of ambrosia {unknown}
 A - a potion of brilliance {unknown}


   Skills:
 - Level 2.0 Fighting
 + Level 8.6 Ranged Weapons
 - Level 1.7 Dodging
 - Level 0.7 Stealth


You had 6 spell levels left.
You didn't know any spells.
Your spell library contained the following spells:

 Spells                   Type           Power      Damage    Failure   Level
 Apportation              Tloc           0%         N/A       50%         1
 Jinxbite                 Hex            0%         N/A       65%         2
 Call Canine Familiar     Summ           0%         N/A       86%         3
 Sigil of Binding         Hex            0%         N/A       86%         3
 Dimensional Bullseye     Hex/Tloc       0%         N/A       99%         4
 Alistair's Intoxication  Alch           0%         N/A       100%        5


Dungeon Overview and Level Annotations

Branches:
Dungeon (5/15)             Temple (1/1) D:4

Altars:
Ashenzari
Cheibriados
Dithmenos
Elyvilon
Gozag
Hepliaklqana
Kikubaaqudgha
Makhleb
Nemelex Xobeh
Okawaru
Qazlal
Ru
Trog
Uskayaw
Vehumet
Wu Jian
Xom
Yredelemnul
Zin

Annotations:
D:5 1 runed translucent door, bakla's ghost, novice CoWn


Innate Abilities, Weirdness & Mutations

You can wield a second weapon in your off-hand.
It takes a long time for you to wield or remove held weapons.
Your first few attacks do less damage.
You cannot equip rings or amulets.


Message History

The two-headed ogre is lightly wounded.
You shoot a sling bullet.
The sling bullet hits the two-headed ogre but does no damage.
The two-headed ogre is lightly wounded.
The two-headed ogre hits you with a +0 giant club.
The two-headed ogre closely misses you.
You shoot a sling bullet.
The sling bullet hits the two-headed ogre.
The two-headed ogre is lightly wounded.
You shoot a sling bullet.
The sling bullet barely misses the two-headed ogre.
The two-headed ogre misses you. The two-headed ogre closely misses you.
You shoot a sling bullet.
The sling bullet barely misses the two-headed ogre.
You shoot a sling bullet.
The sling bullet hits the two-headed ogre.
The two-headed ogre is lightly wounded.
You shoot a sling bullet.
The sling bullet hits the two-headed ogre.
The two-headed ogre is moderately wounded.
You shoot a sling bullet.
The sling bullet hits the two-headed ogre.
The two-headed ogre is moderately wounded.
The two-headed ogre hits you with a +0 giant club!!
* * * LOW HITPOINT WARNING * * *
The two-headed ogre hits you but does no damage.
You are too injured to fight recklessly!
You are too injured to fight recklessly!
Fire: a) +2 sling {Kenrick}
Press: ? - help, Q - select action, (/) - cycle Shift-Dir - straight line, f/p - two-headed ogre
Aim: a two-headed ogre, wielding two +0 giant clubs (moderately wounded, umbra, 79% to hit)
You shoot a sling bullet.
The sling bullet hits the two-headed ogre.
The two-headed ogre is moderately wounded.
You shoot a sling bullet.
The sling bullet closely misses the two-headed ogre.
The two-headed ogre hits you with a +0 giant club!!
* * * LOW HITPOINT WARNING * * *
The two-headed ogre misses you.
Fire: a) +2 sling {Kenrick}
Press: ? - help, Q - select action, (/) - cycle Shift-Dir - straight line, f/p - two-headed ogre
Aim: a two-headed ogre, wielding two +0 giant clubs (moderately wounded, umbra, 79% to hit)
You shoot a sling bullet.
The sling bullet hits the two-headed ogre!
The two-headed ogre is heavily wounded.
You shoot a sling bullet.
The sling bullet hits the two-headed ogre!
The two-headed ogre is severely wounded.
The two-headed ogre hits you with a +0 giant club.
You die...

#.#######
#..#....#..##...
#.#
#.÷'....'÷.###.#
#.# ####....####
#.# ##.# ######
#.. ...####### #
..... .........#
#. #####
#..#####.# #.###
#..# #.O.# #..#
#@# #..# #.# #..#
#.### #..# #.#####
#.#.## #..#
#.#ß_ß#
#..#.#############
...# #>#...#
#.#...............
#.## #.#...#
#....#############
#.##
#.##.####.#.##
...# #.#....##.#.#


You could see a two-headed ogre.

Vanquished Creatures
  Menkaure (D:4)
  A centaur (D:5)
  An ogre (D:4)
  A kobold brigand (D:5)
  2 orc priests
  A gnoll bouda (D:4)
  A hound (D:5)
  A jelly (D:5)
  An iguana (D:5)
  An orc wizard (D:5)
  Robin (D:3)
  5 gnolls
  5 adders
  A white imp (D:5)
  2 ufetubi (D:5)
  3 ribbon worms
  A dart slug (D:3)
  5 orcs
  9 ball pythons
  3 endoplasms (D:1)
  5 giant cockroaches
  10 goblins
  8 hobgoblins
  3 jackals (D:1)
  2 kobolds
  3 quokkas
  4 bats
  3 frilled lizards
  5 rats
89 creatures vanquished.

Vanquished Creatures (others)
  An orc wizard (D:5)
1 creature vanquished.

Grand Total: 90 creatures vanquished

Notes
Turn   | Place    | Note
-------+----------+-------------------------------------------
     0 | D:1      | Sobieck the Coglin Hunter began the quest for the Orb.
     0 | D:1      | Reached XP level 1. HP: 16/16 MP: 1/1
    96 | D:1      | Reached skill level 4 in Ranged Weapons
    96 | D:1      | Reached XP level 2. HP: 22/22 MP: 2/2
   343 | D:1      | Found a faded altar of an unknown god.
   746 | D:1      | Reached XP level 3. HP: 27/27 MP: 3/3
  1094 | D:2      | Reached skill level 5 in Ranged Weapons
  1094 | D:2      | Reached XP level 4. HP: 33/33 MP: 4/4
  1626 | D:3      | Identified the +6 dagger of Conscience {flame, rC+ rN+++
                  | Will- Stlth+}
  1642 | D:3      | Noticed Robin
  1662 | D:3      | Killed Robin
  2482 | D:4      | Found a staircase to the Ecumenical Temple.
  2485 | D:4      | Noticed an ogre
  2491 | D:4      | Killed an ogre
  2492 | D:4      | Reached skill level 6 in Ranged Weapons
  2492 | D:4      | Reached XP level 5. HP: 38/38 MP: 5/5
  2501 | Temple   | Entered the Ecumenical Temple
  2518 | Temple   | Became a worshipper of Dithmenos the Shadowed
  2577 | D:4      | Reached XP level 6. HP: 44/44 MP: 6/6
  3019 | D:4      | Noticed Menkaure
  3025 | D:4      | Killed Menkaure
  3026 | D:4      | Reached skill level 7 in Ranged Weapons
  3026 | D:4      | Reached XP level 7. HP: 50/50 MP: 7/7
  3187 | D:5      | Entered Level 5 of the Dungeon
  3342 | D:5      | Reached * piety under Dithmenos
  3350 | D:5      | Found a runed translucent door.
  3354 | D:5      | Noticed bakla's ghost (novice CoWn)
  3363 | D:5      | Reached skill level 8 in Ranged Weapons
  3901 | D:5      | Found an opulent altar of Gozag.
  3996 | D:5      | Noticed a two-headed ogre
  4002 | D:5      | Slain by a two-headed ogre

Illustrated notes

Levels and vault maps discovered:
D:1:      dpeg_arrival_long_road, layout_basic,
          hellmonk_ecumenical_altar_leap_of_faith
D:2:      layout_loops_ring
D:3:      layout_basic, palyth_stone_intersect, uniq_robin
D:4:      layout_basic, minmay_temple_entry_purple_smoke, uniq_menkaure
D:5:      layout_loops_ring, grunt_gozag_breadcrumbs,
          ebering_ghost_reflecting_pool, blue_anna_alchemist
Temple:   regret_index_temple_mists

Skill      XL: |  1  2  3  4  5  6  7 |
---------------+----------------------+-----
Ranged Weapons | 4 5 6 7 8 |  8.6
Fighting       | |  2.0
Dodging        | |  1.7
Stealth        | |  0.7

Action                     |  1- 3 |  4- 6 |  7- 9 || total
---------------------------+-------+-------+-------++-------
   Fire: Sling             |   128 |   242 |   138 ||   508
    Use: Scroll            |       |     7 |       ||     7
 Armour: Leather armour    |     4 |    20 |    25 ||    49
  Dodge: Dodged            |     8 |    20 |    21 ||    49

Table legend: (Time is in decaauts)
 A = Elapsed time spent in this place.
 B = Non-inter-level travel time spent in this place.
 C = Inter-level travel time spent in this place.
 D = Time resting spent in this place.
 E = Time spent auto-exploring this place.
 F = Levels seen in this place.
 G = Mean time per level.
                   A        B        C        D        E       F      G
               +--------+--------+--------+--------+--------+-----+--------+
         Total |   4047 |   3848 |    199 |      3 |   3304 |   6 |  674.5 |
       Dungeon |   4006 |   3826 |    180 |      3 |   3304 |   5 |  801.2 |
        Temple |     41 |     22 |     19 |      0 |      0 |   1 |   41.0 |
               +--------+--------+--------+--------+--------+-----+--------+

Top non-repeatable levels by time:
     D:3: 891 daAuts
     D:1: 860 daAuts
     D:5: 817 daAuts
     D:4: 806 daAuts
     D:2: 630 daAuts
  Temple: 41 daAuts
